 Dungeon Crawl Stone Soup version 0.29-a0-664-gff9cad4a3d (webtiles) character file.

Game seed: 15959211216368294577

10255 HoaS the Grappler (level 11, -15/108 HPs)
             Began as a Tengu Berserker on June 22, 2022.
             Was an Elder of Trog.
             Demolished by a komodo dragon (22 damage)
             ... on level 9 of the Dungeon.
             The game lasted 00:17:16 (8358 turns).

HoaS the Grappler (Tengu Berserker)                 Turns: 8358, Time: 00:17:16

Health: -15/108    AC:  9    Str: 19    XL:     11   Next: 59%
Magic:  12/12      EV: 19    Int:  7    God:    Trog [****..]
Gold:   358        SH:  0    Dex: 17    Spells: 10/10 levels left

rFire   + . .      SeeInvis .     - Unarmed
rCold   + . .      Faith    .   (no shield)
rNeg    . . .      Spirit   .   A - +0 steam dragon scales
rPois   .          Reflect  .   (helmet restricted)
rElec   .          Harm     .   n - +0 cloak
rCorr   .          Rampage  .   a - +0 pair of gloves
Will    .....                   (boots unavailable)
Stlth   ..........              t - amulet of regeneration
HPRegen 1.08/turn               d - ring of protection from fire
MPRegen 0.13/turn               s - ring of protection from cold

@: berserking, flying quickly and evasively, very quick
A: beak, talons 3, nimble flight
a: Renounce Religion, Berserk, Trog's Hand, Brothers in Arms


You were on level 9 of the Dungeon.
You worshipped Trog.
Trog was greatly pleased with you.
You visited 1 branch of the dungeon, and saw 9 of its levels.

You collected 574 gold pieces.
You spent 216 gold pieces at shops.

Inventory:

Armour
 a - a +0 pair of gloves (worn)
 g - a +0 plate armour
 n - a +0 cloak (worn)
 A - +0 steam dragon scales (worn)
Jewellery
 d - a ring of protection from fire (left hand)
 s - a ring of protection from cold (right hand)
 t - an amulet of regeneration (around neck)
 B - a ring of see invisible
Wands
 m - a wand of iceblast (18)
 p - a wand of polymorph (7)
 y - a wand of paralysis (10)
 C - a wand of digging (7)
Scrolls
 c - a scroll of fog
 o - 4 scrolls of teleportation
 v - a scroll of immolation
Potions
 b - 6 potions of curing
 e - 2 potions of might
 f - a potion of flight {unknown}
 h - 2 potions of invisibility
 i - 2 potions of lignification {unknown}
 j - 3 potions of cancellation
 k - 3 potions of heal wounds
 l - a potion of mutation {unknown}
 q - a potion of magic {unknown}
 r - 5 potions of attraction
 u - 3 potions of resistance
 x - 2 potions of degeneration {unknown}
 z - a potion of berserk rage {unknown}


   Skills:
 * Level 10.1 Fighting
 + Level 7.5 Armour
 + Level 7.5 Dodging
 * Level 13.5 Unarmed Combat


You had 10 spell levels left.
You didn't know any spells.
Your spell library was empty.

Dungeon Overview and Level Annotations

Branches:
Dungeon (9/15)             Temple (0/1) D:6            Lair (0/6) D:9
    Orc: D:9-12

Altars:
Ashenzari
Dithmenos
Gozag
Hepliaklqana
Makhleb
Nemelex Xobeh
Okawaru
Qazlal
Uskayaw
Vehumet
Wu Jian
Xom

Shops:
D:3 ((!=

Annotations:
D:4 Dowan
D:7 2 transporters, Haaias's ghost, novice HuBe


Innate Abilities, Weirdness & Mutations

You have a beak for a mouth.
You have claws for feet.
Your magical nature lets you fly swiftly and evasively.


Message History

You hit the komodo dragon but do no damage.
You claw the komodo dragon.
The komodo dragon is moderately wounded.
The komodo dragon barely misses you.
You hit the komodo dragon.
You claw the komodo dragon, but do no damage.
You punch the komodo dragon, but do no damage.
The komodo dragon is moderately wounded.
You feel sick. The komodo dragon barely misses you.
You hit the komodo dragon.
You claw the komodo dragon, but do no damage.
You peck the komodo dragon, but do no damage.
The komodo dragon is heavily wounded.
You feel sick.
A red film seems to cover your vision as you go berserk!
You feel yourself moving faster!
You feel mighty!
You feel sick. The komodo dragon bites you!!
You pummel the komodo dragon!! Your kick misses the komodo dragon.
You peck the komodo dragon.
You kill the komodo dragon!
Trog accepts your kill.
Your life force feels restored.
You hit the komodo dragon.
The komodo dragon is lightly wounded.
You feel sick.
You closely miss the komodo dragon. Your kick misses the komodo dragon.
You peck the komodo dragon.
The komodo dragon is lightly wounded.
The komodo dragon bites you!!
* * * LOW HITPOINT WARNING * * *
You punch the komodo dragon! Your peck misses the komodo dragon.
The komodo dragon is heavily wounded.
You feel sick.
You are no longer poisoned.
You hit the komodo dragon.
You claw the komodo dragon, but do no damage.
You peck the komodo dragon, but do no damage.
The komodo dragon is heavily wounded.
The komodo dragon bites you!!
You die...

#...#......=.
##.##........
#..#.......#
##.#........
#..###.#.#. ##.##
.# #..# .#####
#####
#.#######.##.....##
#...#
.......@lS.........
..<.#
#.#.#####..#####.#.
...)#
#..#####.#####.#
..###
#....P.........#
###
.P.P......###### #
/P.PPP.P..P.# #
PPPP..PP.†...P# #
.PP...SPPP....# #


P.lPPP..P.PPP... You could see a komodo dragon and a water moccasin.

Vanquished Creatures
  5 two-headed ogres
  Pikel (D:3)
  Joseph (D:7)
  A komodo dragon (D:9)
  Grinder (D:3)
  Prince Ribbit (D:6)
  A wyvern (D:9)
  Eustachio (D:6)
  10 yaks
  4 steam dragons
  2 water moccasins
  Duvessa (D:4)
  An orc warrior (D:9)
  2 ice beasts
  4 sky beasts
  A black bear (D:8)
  An ogre (D:5)
  4 centaurs
  3 phantoms
  3 lemures (D:4)
  A kobold brigand (D:7)
  7 bullfrogs
  A gnoll sergeant (D:8)
  A scorpion (D:7)
  10 wights
  3 killer bees (D:8)
  A jelly (D:3)
  2 gnoll shamans (D:6)
  A hound (D:6)
  Crazy Yiuf (D:3)
  Jessica (D:3)
  4 iguanas
  2 orc wizards
  Robin (D:3)
  15 gnolls
  11 adders
  2 shadow imps
  2 white imps (D:6)
  A worm (D:3)
  4 dart slugs
  11 orcs
  9 ball pythons
  11 endoplasms
  7 giant cockroaches
  15 goblins
  9 hobgoblins
  6 jackals
  6 kobolds
  7 quokkas
  5 bats
  4 frilled lizards
  6 rats
215 creatures vanquished.

Vanquished Creatures (others)
  A gnoll (D:8)
  11 fungi (D:9)
  15 plants (D:9)
27 creatures vanquished.

Grand Total: 242 creatures vanquished

Notes
Turn   | Place    | Note
-------+----------+-------------------------------------------
     0 | D:1      | HoaS the Tengu Berserker began the quest for the Orb.
     0 | D:1      | Reached XP level 1. HP: 14/14 MP: 2/2
    85 | D:1      | Reached skill level 4 in Unarmed Combat
    85 | D:1      | Reached XP level 2. HP: 16/19 MP: 3/3
   408 | D:1      | Reached XP level 3. HP: 23/23 MP: 4/4
   486 | D:1      | Found a faded altar of an unknown god.
   952 | D:2      | Reached skill level 5 in Unarmed Combat
   973 | D:2      | Reached XP level 4. HP: 22/28 MP: 5/5
  1396 | D:3      | Reached ** piety under Trog
  1464 | D:3      | Found Fivo's Jewellery Emporium.
  1551 | D:3      | Reached skill level 6 in Unarmed Combat
  1551 | D:3      | Gained mutation: Your magical nature lets you fly swiftly
                  | and evasively. [Tengu growth]
  1551 | D:3      | Reached XP level 5. HP: 26/32 MP: 6/6
  1680 | D:3      | Found Casuon's Weapon Boutique.
  1852 | D:3      | Reached skill level 7 in Unarmed Combat
  1979 | D:3      | Noticed Jessica
  1987 | D:3      | Killed Jessica
  1988 | D:3      | Reached XP level 6. HP: 36/37 MP: 7/7
  2008 | D:3      | Noticed Grinder
  2026 | D:3      | Killed Grinder
  2027 | D:3      | Reached skill level 8 in Unarmed Combat
  2027 | D:3      | Reached XP level 7. HP: 34/41 MP: 8/8
  2039 | D:3      | Found Ekuaw's Distillery.
  2060 | D:3      | Bought a potion of heal wounds for 60 gold pieces
  2060 | D:3      | Bought a potion of curing for 36 gold pieces
  2060 | D:3      | Bought a potion of heal wounds for 60 gold pieces
  2060 | D:3      | Bought a potion of heal wounds for 60 gold pieces
  2082 | D:3      | Found Upidwif's Antique Weapon Shoppe.
  2338 | D:3      | Found a runed translucent door.
  2339 | D:3      | Noticed Crazy Yiuf
  2481 | D:3      | Noticed Robin
  2482 | D:3      | Reached *** piety under Trog
  2487 | D:3      | Killed Robin
  2561 | D:3      | Found a shadowy altar of Dithmenos.
  2561 | D:3      | Found a hide-covered altar of Uskayaw.
  2570 | D:3      | Found a sparkling altar of Nemelex Xobeh.
  2572 | D:3      | Found a broken altar of Ashenzari.
  2574 | D:3      | Found a stormy altar of Qazlal.
  2767 | D:3      | Killed Crazy Yiuf
  2813 | D:4      | Reached skill level 9 in Unarmed Combat
  3152 | D:4      | Found a shimmering altar of Xom.
  3153 | D:4      | Found a hazy altar of Hepliaklqana.
  3154 | D:4      | Noticed a spectral ugly thing
  3251 | D:4      | Noticed Duvessa
  3251 | D:4      | Noticed Dowan
  3251 | D:4      | Noticed Pikel
  3326 | D:4      | Killed Duvessa
  3652 | D:3      | Killed Pikel
  3653 | D:3      | Reached XP level 8. HP: 48/48 MP: 9/9
  3883 | D:5      | Entered Level 5 of the Dungeon
  4034 | D:5      | Reached skill level 5 in Fighting
  4034 | D:5      | Reached skill level 10 in Unarmed Combat
  4314 | D:5      | Found an opulent altar of Gozag.
  5095 | D:6      | Noticed Eustachio
  5119 | D:6      | Killed Eustachio
  5120 | D:6      | Reached XP level 9. HP: 42/55 MP: 10/10
  5490 | D:6      | Found a staircase to the Ecumenical Temple.
  5505 | D:6      | Noticed Prince Ribbit
  5519 | D:6      | Killed Prince Ribbit
  5838 | D:7      | Reached skill level 11 in Unarmed Combat
  5899 | D:7      | Reached skill level 5 in Armour
  5903 | D:7      | Reached skill level 5 in Dodging
  6103 | D:7      | Reached **** piety under Trog
  6104 | D:7      | Reached XP level 10. HP: 47/63 MP: 11/11
  6226 | D:7      | Noticed Joseph
  6261 | D:7      | Killed Joseph
  6381 | D:7      | Found a transporter.
  6415 | D:7      | Found a transporter.
  6514 | D:7      | Found an ornate altar of the Wu Jian Council.
  6517 | D:7      | Found a burning altar of Makhleb.
  6522 | D:7      | Found an iron altar of Okawaru.
  6601 | D:7      | Noticed Haaias's ghost (novice HuBe)
  7241 | D:8      | Found a radiant altar of Vehumet.
  7248 | D:8      | Noticed a two-headed ogre
  7255 | D:8      | Killed a two-headed ogre
  7256 | D:8      | Reached skill level 12 in Unarmed Combat
  7996 | D:9      | Noticed a two-headed ogre
  8002 | D:8      | Killed a two-headed ogre
  8003 | D:8      | Reached XP level 11. HP: 52/71 MP: 12/12
  8055 | D:9      | Noticed a two-headed ogre
  8069 | D:9      | Killed a two-headed ogre
  8070 | D:9      | Reached skill level 13 in Unarmed Combat
  8119 | D:9      | Noticed a two-headed ogre
  8133 | D:9      | Killed a two-headed ogre
  8240 | D:9      | Noticed a two-headed ogre
  8274 | D:9      | Killed a two-headed ogre
  8301 | D:9      | Reached skill level 10 in Fighting
  8323 | D:9      | Found a staircase to the Lair.
  8358 | D:9      | Demolished by a komodo dragon

Illustrated notes

Levels and vault maps discovered:
D:1:      erik_arrival_triangle_small, layout_rooms,
          shapermc_ecumenical_altar_flowoftime, chequers_serial_rivers_marsh
D:2:      layout_rooms
D:3:      minmay_bubble_buster, layout_basic,
          chequers_temple_overflow_minitemple, serial_shops,
          nicolae_shop_hallway_plus, shop_coins, nicolae_shop_statue_plus,
          nicolae_shop_waterfront, uniq_grinder, uniq_robin,
          uniq_crazy_yiuf_cottage, uniq_jessica
D:4:      layout_loops_ring, regret_index_temple_of_mockery, uniq_duvessa,
          uniq_pikel
D:5:      layout_basic, grunt_gozag_statues
D:6:      layout_basic, minmay_temple_entry_purple_smoke, uniq_prince_ribbit1,
          uniq_eustachio
D:7:      layout_loops_cross, grunt_temple_overflow_diamond,
          gammafunk_ghost_arena, uniq_joseph
D:8:      layout_loops_ring, nicolae_overflow_hidden_temple,
          kb_lookout_dungeons_type
D:9:      layout_basic, due_lair_maze_entry_diamond, grunt_ministairs_12

Skill      XL: |  1  2  3  4  5  6  7  8  9 10 11 |
---------------+----------------------------------+-----
Unarmed Combat | 4 5 6 7 8 9 10 11 12 13 | 13.5
Fighting       | 4 5 7 9 10 | 10.1
Armour         | 3 4 5 6 7 |  7.5
Dodging        | 3 4 5 6 7 |  7.5

Action                   |  1- 3 |  4- 6 |  7- 9 | 10-12 || total
-------------------------+-------+-------+-------+-------++-------
Melee: Unarmed           |    72 |    98 |   263 |   193 ||   626
       Kick              |    21 |    23 |    70 |    64 ||   178
       Punch             |     2 |     5 |    10 |    18 ||    35
       Peck              |     8 |    11 |    55 |    40 ||   114
Throw: Throwing net      |       |       |       |     1 ||     1
Invok: Trog's Hand       |       |     1 |     2 |     2 ||     5
       Berserk           |       |       |     2 |     6 ||     8
Evoke: Wand              |       |       |       |     4 ||     4
  Use: Scroll            |     3 |       |    10 |     3 ||    16
       Potion            |       |       |       |     2 ||     2
 Stab: Sleeping          |       |       |       |     2 ||     2
Armor: Animal skin       |     1 |       |       |       ||     1
       Chain mail        |    19 |       |       |       ||    19
       Plate armour      |    10 |    40 |   116 |    16 ||   182
       Steam dragon scal |       |       |       |    19 ||    19
Dodge: Dodged            |    24 |    22 |    77 |   139 ||   262
Block: Other             |     8 |    12 |    44 |       ||    64
       Reflection        |       |       |     2 |       ||     2

Table legend: (Time is in decaauts)
 A = Elapsed time spent in this place.
 B = Non-inter-level travel time spent in this place.
 C = Inter-level travel time spent in this place.
 D = Time resting spent in this place.
 E = Time spent auto-exploring this place.
 F = Levels seen in this place.
 G = Mean time per level.
                   A        B        C        D        E       F      G
               +--------+--------+--------+--------+--------+-----+--------+
         Total |   7818 |   7223 |    595 |   1672 |   4127 |   9 |  868.7 |
       Dungeon |   7818 |   7223 |    595 |   1672 |   4127 |   9 |  868.7 |
               +--------+--------+--------+--------+--------+-----+--------+

Top non-repeatable levels by time:
     D:3: 1434 daAuts
     D:4: 1023 daAuts
     D:5: 1006 daAuts
     D:7: 992 daAuts
     D:6: 927 daAuts
     D:1: 809 daAuts
     D:8: 767 daAuts
     D:2: 554 daAuts
     D:9: 301 daAuts
